AoeStats
← Ogzylla

Arabia

503201760Analyzed
1v1 RM · 2mo ago on Aug 30, 2026· 53m 41s· 2 players
Game mode
Random Map
Map size
Tiny (2 player)
Population
200
Speed
Normal
Resources
Standard
Victory
Conquest
Starting age
Dark Age
Ending age
Imperial Age
RankedLock teamsTeams togetherTeam positionsShared explorationLock speedFull tech treeHidden civsTurbo modeCheats
Victory
Defeat
🇦🇷 Mongols · Argentina
955
+16
vs
🇿🇦 Mongols · South Africa
953
-16
Ogzylla
7:00 Loom
9:02 Feudal Age
13:13 Double-Bit Axe
19:46 Stone Mining
22:38 Castle Age
21:24 Horse Collar
25:04 Fletching
26:07 Stone Shaft Mining
26:06 Padded Archer Armor
27:27 Bodkin Arrow
31:44 Bow Saw
40:23 Gold Mining
42:02 Scale Barding Armor
42:08 Forging
43:01 Bloodlines
42:54 Husbandry
45:47 Iron Casting
46:42 Chain Barding Armor
DRICUS DU PLESSIS
6:05 Loom
9:02 Feudal Age
20:01 Fletching
20:20 Double-Bit Axe
21:36 Forging
24:39 Castle Age
25:01 Pikeman
25:03 Crossbowman
26:12 Bodkin Arrow
40:15 Imperial Age
41:30 Elite Mangudai
42:41 Bracer
43:06 Cavalier
46:33 Husbandry
47:41 Ballistics
52:16 Wheelbarrow
Connection lost

Rejoining the realm…

Still unreachable

The connection could not be restored.

Session expired

The server has moved on; the page needs a fresh start.